Map: 强酸工厂 - 天梯版

Players

Zanster - Winner!

  • Race: Zerg Zerg
  • Spawn Location: 11:00

cloudy

  • Race: Protoss Protoss
  • Spawn Location: 5:00

Event: WCS Montreal 2018

VOD

Have the link to the VOD?

Description

Time

  • Played on: Sept. 7, 2018, 4:28 p.m.
  • Length: 17:59

All games in this series

Show
View Real Time Build Order
Export as new Build Order

Zanster Zerg - Winner!

Build Orders: Hatch First, Brood Lord Corruptor, Roach Hydra 

Get SALT Encoding   

  12  0:00  Drone  
  13  0:13  Overlord  
  13  0:17  Drone  
  14  0:32  Drone x2  
  16  0:49  Hatchery  
  15  0:51  Drone  
  15  0:55  Drone  
  17  0:58  Drone  
  18  1:10  Extractor  
  17  1:14  Spawning Pool  
  17  1:17  Drone  
  17  1:20  Drone  
  18  1:29  Drone  
  20  1:40  Drone  
  20  1:51  Overlord  
  20  2:01  Queen  
  20  2:03  Zergling x2, Queen  
  20  2:04  Zergling x2  
  26  2:11  Drone  
  26  2:13  Metabolic Boost  
  26  2:15  Drone  
  28  2:22  Drone  
  29  2:23  Drone  
  30  2:33  Drone  
  30  2:34  Drone  
  32  2:42  Hatchery  
  31  2:45  Drone  
  31  2:50  Queen  
  34  2:54  Overlord  
  34  2:57  Drone  
  35  2:59  Drone  
  36  3:06  Overlord  
  36  3:12  Drone x4  
  40  3:13  Drone  
  40  3:15  Drone  
  40  3:17  Drone  
  40  3:19  Drone  
  44  3:26  Overlord  
  44  3:29  Queen  
  44  3:32  Overlord  
  46  3:34  Drone  
  46  3:40  Spore Crawler  
  46  3:41  Drone  
  46  3:42  Drone x2  
  46  3:47  Drone x2, Spore Crawler  
  50  3:50  Drone x2  
  50  3:53  Overlord  
  52  3:57  Drone x2  
  52  4:00  Drone  
  55  4:03  Evolution Chamber  
  55  4:09  Drone x3  
  57  4:11  Spore Crawler  
  57  4:14  Drone  
  57  4:15  Drone x2  
  59  4:19  Drone  
  59  4:20  Drone x2  
  60  4:27  Drone x3  
  60  4:29  Drone  
  64  4:36  Zerg Missile Weapons Level 1  
  64  4:37  Roach Warren  
  63  4:39  Extractor x3, Drone x2  
  63  4:41  Drone  
  63  4:43  Overlord  
  63  4:46  Drone x2  
  63  4:47  Drone  
  63  4:50  Lair  
  63  4:52  Overlord  
  66  4:59  Overlord x2  
  66  5:05  Drone x6  
  72  5:10  Drone  
  72  5:11  Overlord  
  73  5:15  Queen  
  77  5:21  Roach x5  
  77  5:27  Roach x3  
  77  5:28  Overlord  
  91  5:33  Roach x3  
  97  5:36  Overlord  
  97  5:39  Overlord  
  97  5:50  Roach x5  
  97  5:52  Overlord  
  103  5:58  Drone x7  
  110  6:04  Hatchery  
  110  6:08  Drone x3  
  110  6:10  Overlord  
  112  6:16  Overlord  
  112  6:17  Glial Reconstitution  
  112  6:19  Extractor  
  112  6:20  Extractor, Overlord  
  112  6:24  Hydralisk Den  
  112  6:25  Drone  
  110  6:26  Overlord  
  110  6:30  Roach x6  
  122  6:34  Zerg Missile Weapons Level 2  
  122  6:38  Evolution Chamber  
  121  6:43  Overlord  
  120  6:54  Hydralisk x6  
  132  7:01  Hydralisk x2  
  132  7:05  Zergling x2  
  137  7:11  Overlord  
  137  7:13  Zerg Ground Armor Level 1  
  137  7:24  Drone x6  
  137  7:25  Drone x2  
  137  7:27  Drone x4  
  149  7:31  Pneumatized Carapace  
  149  7:32  Infestation Pit  
  149  7:34  Hydralisk x2  
  149  7:36  Extractor  
  151  7:37  Overlord  
  151  7:38  Extractor  
  151  7:39  Hydralisk, Muscular Augments  
  151  7:41  Spore Crawler  
  151  7:46  Hydralisk x3  
  151  7:48  Overlord  
  156  7:52  Roach  
  156  7:53  Roach x2  
  156  7:54  Overlord  
  162  8:03  Roach x2  
  162  8:04  Overlord  
  166  8:08  Roach x3  
  172  8:15  Roach x6  
  172  8:17  Hatchery  
  183  8:22  Hive  
  183  8:35  Spire  
  183  8:37  Queen  
  183  8:39  Hatchery  
  183  8:43  Zergling x2  
  183  8:45  Hydralisk  
  183  8:46  Hydralisk x3  
  192  8:50  Grooved Spines  
  191  9:05  Roach x4  
  191  9:16  Hydralisk x5, Roach  
  191  9:32  Lurker Den  
  191  9:36  Hydralisk x5, Roach  
  190  9:46  Hydralisk  
  190  9:47  Hydralisk x8, Roach  
  200  9:53  Greater Spire  
  200  9:58  Overseer  
  200  10:02  Roach  
  173  10:14  Hydralisk, Roach  
  173  10:15  Roach x10  
  184  10:23  Roach  
  184  10:24  Roach x7  
  199  10:29  Roach  
  199  10:30  Roach  
  199  10:33  Extractor x2  
  193  10:45  Drone x3  
  184  10:51  Corruptor x4  
  162  10:58  Zergling x18  
  165  11:10  Drone  
  165  11:28  Brood Lord x3  
  165  11:29  Brood Lord  
  167  11:32  Corruptor  
  167  11:33  Corruptor x2  
  173  11:41  Roach x7  
  173  11:45  Roach x2  
  173  11:46  Roach x2  
  192  11:50  Overseer  
  192  11:59  Hydralisk x4  
  194  12:12  Brood Lord x2  
  139  12:24  Hydralisk x5  
  139  12:29  Drone  
  139  12:30  Drone x9  
  139  12:33  Drone x2  
  150  12:41  Drone x4  
  154  12:50  Drone x4  
  158  13:04  Drone x4  
  158  13:05  Extractor x2, Hatchery  
  159  13:06  Roach  
  159  13:07  Roach x3  
  167  13:14  Roach  
  167  13:15  Roach x3  
  167  13:26  Corruptor x3  
  165  13:31  Brood Lord  
  167  13:54  Corruptor  
  167  13:55  Corruptor x2  
  173  14:00  Zergling x10  
  173  14:01  Queen x2  
  182  14:09  Brood Lord  
  178  14:10  Brood Lord x2  
  180  14:20  Drone x5  
  185  14:31  Hydralisk x5  
  185  14:35  Brood Lord x2  
  197  14:47  Brood Lord  
  179  15:04  Hydralisk x8  
  179  15:06  Hatchery  
  192  15:14  Zerg Missile Weapons Level 3  
  192  15:27  Lurker  
  192  15:28  Lurker x2  
  193  15:47  Hydralisk x3  
  190  15:50  Hatchery  
  183  16:01  Hydralisk  
  183  16:02  Hydralisk x2  
  165  16:21  Hydralisk  
  165  16:22  Hydralisk x4  
  175  16:27  Drone  
  175  16:28  Drone x2  
  176  16:42  Viper x2  
  182  16:49  Roach  
  182  16:50  Roach x3  
  178  17:03  Roach x5  
  180  17:15  Roach x5  
  186  17:26  Roach x5  
  186  17:28  Drone x2  
  196  17:37  Roach  
Show
View Real Time Build Order
Export as new Build Order

cloudy Protoss 

Build Orders: 1 Gate Expand, Oracle Opening, Phoenix Opening, Archon Immortal, Zealot Archon, Archon Drop 

Get SALT Encoding   

  12  0:01  Probe  
  13  0:13  Probe  
  14  0:20  Pylon  
  14  0:25  Probe  
  15  0:34  Probe  
  15  0:39  Gateway  
  16  0:42  Probe  
  17  0:50  Assimilator  
  17  0:52  Probe  
  18  1:04  Probe  
  19  1:16  Probe  
  20  1:24  Nexus  
  20  1:36  Cybernetics Core  
  20  1:39  Probe  
  21  1:46  Assimilator  
  21  1:51  Probe  
  22  1:56  Pylon  
  22  2:03  Probe  
  22  2:06  Adept  
  26  2:15  Probe  
  26  2:21  Stargate  
  26  2:27  Probe  
  27  2:30  Warp Gate  
  27  2:35  Probe x2  
  27  2:36  Adept  
  29  2:43  Probe x2  
  33  2:53  Probe  
  33  2:54  Probe  
  33  2:57  Phoenix  
  35  3:05  Probe  
  38  3:06  Probe  
  39  3:16  Pylon  
  39  3:17  Probe  
  39  3:19  Probe  
  41  3:20  Oracle  
  44  3:29  Gateway, Probe  
  44  3:31  Assimilator, Probe  
  46  3:35  Assimilator  
  46  3:39  Probe  
  46  3:46  Robotics Facility, Probe  
  46  3:47  Probe  
  49  3:56  Probe  
  49  3:58  Twilight Council, Probe  
  51  4:04  Pylon  
  51  4:08  Probe  
  52  4:10  Probe  
  52  4:16  Gateway  
  53  4:19  Gateway  
  53  4:24  Warp Prism  
  53  4:31  Probe  
  53  4:38  Templar Archives  
  56  4:43  Zealot  
  56  4:44  Zealot  
  60  4:53  Pylon  
  60  4:58  Nexus  
  60  5:00  Pylon  
  60  5:09  Probe x2  
  60  5:10  Forge  
  62  5:18  High Templar x4, Observer  
  62  5:21  Pylon  
  71  5:22  Archon x2  
  71  5:29  Probe x2  
  71  5:32  Immortal  
  73  5:37  Gateway  
  73  5:41  Probe  
  73  5:42  Gateway  
  78  5:43  Probe  
  78  5:48  Protoss Ground Weapons Level 1  
  79  5:53  Probe  
  80  5:58  Probe  
  80  6:00  Robotics Facility  
  81  6:05  Probe  
  81  6:10  Immortal  
  81  6:11  Probe  
  83  6:12  Pylon  
  83  6:13  Probe  
  83  6:15  Assimilator  
  83  6:17  Probe  
  85  6:23  Shield Battery, Probe  
  85  6:24  Assimilator  
  90  6:25  Probe  
  90  6:29  Probe  
  92  6:33  Sentry x3  
  92  6:35  Probe  
  92  6:36  Immortal  
  99  6:41  Pylon  
  99  6:42  Probe  
  100  6:48  Immortal  
  100  6:50  Probe x2  
  100  6:54  Probe  
  107  6:58  Pylon  
  107  6:59  Pylon x2  
  111  7:02  Probe x2  
  111  7:04  Charge  
  111  7:06  Probe  
  114  7:10  Photon Cannon  
  114  7:11  Photon Cannon  
  114  7:13  Immortal  
  114  7:18  Probe  
  114  7:21  Observer  
  115  7:24  Psionic Storm  
  115  7:28  Gateway  
  120  7:32  Zealot  
  120  7:34  Gateway  
  120  7:36  High Templar  
  120  7:37  High Templar  
  126  7:43  High Templar  
  128  7:49  Zealot x2  
  132  7:51  Immortal  
  132  7:57  Immortal  
  132  7:58  Pylon, Protoss Ground Weapons Level 2  
  140  8:11  Pylon  
  140  8:14  Pylon x2  
  140  8:15  Pylon  
  140  8:23  Stalker x4  
  148  8:31  Immortal x2  
  148  8:32  Stalker x2  
  148  8:33  Pylon  
  146  8:36  Pylon  
  154  8:48  Photon Cannon  
  154  8:52  Nexus  
  154  9:01  High Templar x2  
  158  9:13  Zealot x6  
  166  9:39  Immortal  
  166  9:43  Immortal  
  160  9:47  High Templar x5, Zealot x2  
  160  9:48  Zealot  
  182  9:59  Archon  
  174  10:11  Zealot x3  
  174  10:16  Immortal x2  
  174  10:17  Protoss Ground Weapons Level 3  
  155  10:21  Archon  
  155  10:24  Zealot x5  
  155  10:25  Blink  
  159  10:38  Probe  
  159  10:39  Probe  
  159  10:40  Probe  
  146  10:51  Probe x2  
  146  10:55  Nexus, Observer  
  136  10:58  High Templar  
  136  11:01  Zealot x4  
  136  11:03  Probe  
  143  11:16  Zealot x3  
  149  11:32  Zealot x5  
  159  11:39  Zealot x2  
  163  11:40  Stalker  
  151  11:54  Zealot x5  
  155  11:55  Probe x2  
  155  11:56  Probe  
  155  12:00  Pylon  
  164  12:02  Pylon  
  164  12:07  Probe  
  141  12:32  Stalker x8  
  141  12:35  Probe  
  141  12:36  Probe  
  153  12:39  Probe x2  
  153  12:43  Probe  
  157  12:51  Pylon  
  158  12:57  High Templar x6  
  170  13:00  Assimilator  
  170  13:01  Archon x3  
  170  13:02  Stalker  
  170  13:04  Assimilator  
  172  13:07  Stalker  
  164  13:30  Zealot x5  
  170  13:35  Zealot x3  
  162  14:03  Zealot  
  162  14:04  Zealot x4  
  167  14:11  Stalker x3  
  167  14:27  Pylon  
  167  14:28  Pylon  
  167  14:31  Pylon x2  
  167  14:50  Zealot x3  
  167  14:51  Zealot x5  
  181  15:12  Fleet Beacon  
  181  15:13  Stargate  
  181  15:15  Stargate  
  171  15:22  High Templar x5, Nexus  
  171  15:23  High Templar x3  
  171  15:27  Archon  
  171  15:28  Archon x3  
  183  15:52  Tempest  
  161  16:02  Stalker x4  
  161  16:03  Stalker x4  
  148  16:33  Tempest  
  154  16:48  Assimilator  
  154  16:52  Zealot x5  
  154  16:53  Assimilator  
  138  17:09  Tempest  
  85  17:43  Zealot x7  
Tags
 
Add a new tag
Caveats
  • Supply blocks, unpowered buildings, or Contaminate may cause inaccurate times.
  • Supply counts are checked every 10 seconds.